[Event "Late-Titled-Tuesday-Blitz-January-30-2024"]
[Site "Chess.com"]
[Date "2024.01.30"]
[Round "10"]
[White "HansOnTwitch"]
[Black "SantoBlue"]
[Result "1-0"]
[WhiteElo "3230"]
[BlackElo "3000"]
[TimeControl "180+1"]
[EndTime "15:54:19 PST"]
[Termination "HansOnTwitch won by resignation"]

1. e4 d6 2. d4 Nf6 3. Nc3 e5 4.
Nf3 Nbd7 5. Bc4 Be7 6. O-O O-O 7. Re1 c6 8. a4 h6 9. h3 Re8 10. Be3 exd4 11. Bxd4 Nf8 12. a5 Be6 13. Qd3 Bxc4 14. Qxc4 Ne6 15. Be3 d5 16. exd5 cxd5 17. Qa4 Rc8 18.
Bxa7 Rc4 19. Qb5 Rb4 20. Qd3 Rxb2 21. Bb6 Qc8 22. Nxd5 Nxd5 23. Qxd5 Rxc2 24. Rad1 Bc5 25. Rd2 Bxb6 26. Rxc2 Qxc2 27. axb6 Qc8 28. Ne5 Nd8 29. Rd1 Qf5 30. g4 Qf4 31. Re1 Nc6 32. Qf3 Qxf3 33. Nxf3 Rxe1+ 34. Nxe1 Kf8 35. Nd3 Ke7 36. f4 Kd6 37.
Kf2 Nb4 38. Nxb4 1-0

[Event "Late-Titled-Tuesday-Blitz-January-30-2024"]
[Site "Chess.com"]
[Date "2024.01.30"]
[Round "10"]
[White "GMRafpig"]
[Black "Rawnsdale"]
[Result "1-0"]
[WhiteElo "2724"]
[BlackElo "2529"]
[TimeControl "180+1"]
[EndTime "15:54:20 PST"]
[Termination "GMRafpig won on time"]

1. e4 c6 2. d4 d5 3. e5 c5 4. dxc5 e6 5. a3 Bxc5 6. Bd3 Nc6 7. Nf3 Nge7 8. b4 Bb6 9. Bb2 Ng6 10. O-O O-O 11. Nbd2 Nf4 12. Nb3 Bd7 13. c4 Nxd3 14.
Qxd3 dxc4 15. Qxc4 Rc8 16. Qg4 Qe7 17. Ng5 h6 18. Ne4 Kh8 19. Rad1 Bc7 20. Nd6 Rb8 21. Nc5 Bc8 22. Rfe1 b6 23. Nce4 Bb7 24. Rd3 Nxe5 25. Bxe5 f5 26. Qg6 Bxe4 27. Rg3 Rf6 28. Bxf6 Qxf6 29.
Qxf6 gxf6 30. Nxe4 fxe4 31. Rg6 Be5 32. Rxe4 Kh7 33. Reg4 Rc8 34. g3 1-0

[Event "Late-Titled-Tuesday-Blitz-January-30-2024"]
[Site "Chess.com"]
[Date "2024.01.30"]
[Round "10"]
[White "toninhojit"]
[Black "Walter_White_Poland"]
[Result "1-0"]
[WhiteElo "2511"]
[BlackElo "2330"]
[TimeControl "180+1"]
[EndTime "15:54:20 PST"]
[Termination "toninhojit won by resignation"]

1. d4 Nf6 2. c4 c5 3. e3 b6 4. Nf3 g6 5. Be2 Bg7 6. O-O O-O 7. Nc3 e6 8. d5 d6 9. e4 e5 10. h3 Ne8 11. Bd2 f5 12. Ng5 Nc7 13. exf5 gxf5 14. f4 e4 15. Kh1 h6 16. Ngxe4 fxe4 17. Nxe4 Bf5 18. Ng3 Nd7 19. Nxf5 Rxf5 20. Bd3 Rf8 21. Qh5 Nf6 22. Qh4 Ne4 23. Qe1 Nxd2 24. Qxd2 Qh4 25. Bg6 Bd4 26. Rae1 Rf6 27. f5 Raf8 28. Qd3 b5 29. b3 bxc4 30. bxc4 Be5 31. Re4 Ne8 32. Rxh4 1-0

[Event "Late-Titled-Tuesday-Blitz-January-30-2024"]
[Site "Chess.com"]
[Date "2024.01.30"]
[Round "10"]
[White "ansko1999"]
[Black "jcibarra"]
[Result "0-1"]
[WhiteElo "2685"]
[BlackElo "2882"]
[TimeControl "180+1"]
[EndTime "15:54:21 PST"]
[Termination "jcibarra won on time"]

1. e4 c5 2. Nf3 e6 3. c3 Nf6 4.
e5 Nd5 5. d4 cxd4 6. Qxd4 Nc6 7.
Qg4 f5 8. Qg3 Qc7 9. Bb5 a6 10.
Bxc6 Qxc6 11. O-O b5 12. a4 b4 13. cxb4 Nxb4 14. b3 Bb7 15. Na3 Bc5 16. Nc4 a5 17. Be3 O-O 18. Bh6 Rf7 19. Nd6 Bxd6 20. exd6 Nd3 21.
Ng5 gxh6 22. Nxf7+ Kxf7 23. f3 Rg8 24. Qh3 Qc5+ 25.
Kh1 Nf2+ 26. Rxf2 Qxf2 27. Rg1 Rg6 28. Qh5 Bd5 29. b4 axb4 30. a5 b3 0-1

[Event "Late-Titled-Tuesday-Blitz-January-30-2024"]
[Site "Chess.com"]
[Date "2024.01.30"]
[Round "10"]
[White "alexrustemov"]
[Black "LittleChessFan"]
[Result "0-1"]
[WhiteElo "2720"]
[BlackElo "2332"]
[TimeControl "180+1"]
[EndTime "15:54:21 PST"]
[Termination "LittleChessFan won on time"]

1. d4 d5 2. c4 c6 3. Nc3 Nf6 4. e3 e6 5. Nf3 Nbd7 6. Qc2 Bd6 7. b3 O-O 8. Be2 Qc7 9. e4 dxe4 10.
Nxe4 Nxe4 11. Qxe4 Nf6 12. Qh4 Bb4+ 13. Bd2 Bxd2+ 14.
Nxd2 e5 15. O-O Rd8 16. Qg3 Rxd4 17. Nf3 Rg4 18. Qh3 Rf4 19. Qg3 Ne4 20. Qxf4 exf4 21. Rfe1 Qb6 22. Rf1 Bg4 23. h3 Bxf3 24. Bxf3 Nd2 25.
Rfe1 Nxf3+ 26. gxf3 Rd8 27. Re2 g6 28. Rae1 Rd7 29. Kg2 Kg7 30. Rc1 Qd4 31. Rce1 Qc5 32. Re5 Qa3 33. R1e2 Qc1 34. R5e4 Rd1 0-1

[Event "Late-Titled-Tuesday-Blitz-January-30-2024"]
[Site "Chess.com"]
[Date "2024.01.30"]
[Round "10"]
[White "emeli_chess"]
[Black "jk13"]
[Result "0-1"]
[WhiteElo "2465"]
[BlackElo "2677"]
[TimeControl "180+1"]
[EndTime "15:54:22 PST"]
[Termination "jk13 won by resignation"]

1. d4 Nf6 2. c4 e6 3. Nc3 Bb4 4. Qc2 O-O 5. a3 Bxc3+ 6. Qxc3 d5 7.
Bg5 c5 8. dxc5 d4 9. Qc2 Nc6 10. Nf3 e5 11. e4 h6 12. Bh4 a5 13. h3 a4 14. Bd3 Qa5+ 15. Qd2 Nd7 16. O-O Qxd2 17. Nxd2 Nxc5 18. Be2 d3 19. Bg4 Re8 20. Rae1 Nd4 21. Re3 Bxg4 22. hxg4 g5 23. Bg3 Ra6 24. Rb1 Nc2 25. Rf3 Kg7 26. Rf5 f6 27. f3 Nd4 28.
Bf2 Nxf5 29. Bxc5 Nd6 30. Bxd6 Rxd6 31. Kf2 Rd4 32. Rc1 Rc8 33. Rc3 Rc6 34. Rc1 Rc5 35. Ke3 b5 36. Rc3 bxc4 37. b3 axb3 38. Nxb3 cxb3 39. Rxc5 d2 0-1

[Event "Late-Titled-Tuesday-Blitz-January-30-2024"]
[Site "Chess.com"]
[Date "2024.01.30"]
[Round "10"]
[White "Slovineanu"]
[Black "Hirna2005"]
[Result "1-0"]
[WhiteElo "2446"]
[BlackElo "2288"]
[TimeControl "180+1"]
[EndTime "15:54:26 PST"]
[Termination "Slovineanu won by resignation"]

1. d4 g6 2. e4 Bg7 3. Nc3 d6 4. Be3 a6 5. Nf3 b5 6. h4 Nf6 7.
Bd3 Bg4 8. e5 Nfd7 9. Be4 c6 10.
h5 dxe5 11. h6 Bf6 12. d5 Qc7 13. dxc6 Nxc6 14. Nd5 Qb7 15. Nb4 Ndb8 16. Qd5 Be6 17.
Qxc6+ Nxc6 18. Bxc6+ Qxc6 19. Nxc6 Rc8 20. Ncxe5 Rxc2 21.
O-O Rxb2 22. a4 b4 23. a5 O-O 24. Rfb1 Rxb1+ 25. Rxb1 Rb8 26. Bb6 b3 27. Nc6 Rc8 28. Ncd4 Bd5 29. Nxb3 Bxf3 30. gxf3 Bg5 31. Nc5 Bxh6 32.
Nxa6 Rc2 33. Nb4 Re2 34. a6 1-0

[Event "Late-Titled-Tuesday-Blitz-January-30-2024"]
[Site "Chess.com"]
[Date "2024.01.30"]
[Round "10"]
[White "Smile2005"]
[Black "katharinareinecke"]
[Result "1-0"]
[WhiteElo "2395"]
[BlackElo "1972"]
[TimeControl "180+1"]
[EndTime "15:54:27 PST"]
[Termination "Smile2005 won by checkmate"]

1. e4 c6 2. Nf3 d5 3. d3 Bg4 4. h3 Bxf3 5. Qxf3 e6 6. g4 Nf6 7. Bg2 d4 8. O-O Be7 9. Qg3 Nfd7 10. f4 c5 11. f5 e5 12. g5 f6 13. g6 h6 14. Bf3 Nc6 15. Bh5 Qc7 16. Nd2 O-O-O 17. a3 b5 18. b3 Nb6 19. Be2 a5 20. h4 a4 21. h5 axb3 22. cxb3 b4 23. axb4 Nxb4 24.
Nc4 Nxc4 25. bxc4 Nc2 26. Rb1 Nb4 27. Bd2 Kd7 28. Bd1 Rb8 29. Ba4+ Nc6 30. Rb5 Rb6 31. Rfb1 Rhb8 32. Qe1 Qb7 33. Rxb6 Qxb6 34. Rxb6 Rxb6 35. Bb5 Bd8 36. Qa1 Bc7 37. Ba5 Rb7 38. Bxc7 Kxc7 39.
Qa6 Nb4 40. Qa5+ Kd6 41. Qd8+ Rd7 42. Qxd7# 1-0

[Event "Late-Titled-Tuesday-Blitz-January-30-2024"]
[Site "Chess.com"]
[Date "2024.01.30"]
[Round "10"]
[White "RaulPerezGuerra"]
[Black "StellarChess"]
[Result "0-1"]
[WhiteElo "2439"]
[BlackElo "2546"]
[TimeControl "180+1"]
[EndTime "15:54:28 PST"]
[Termination "StellarChess won by resignation"]

1. b3 b6 2. Bb2 Bb7 3. Nf3 Nf6 4. d3 g6 5. Nbd2 Bg7 6. e4 d6 7. Be2 e5 8. O-O O-O 9. Re1 Nbd7 10. Bf1 Re8 11. Nc4 a5 12. a4 Nc5 13. h3 Ne6 14. g3 Nh5 15. Bg2 Rf8 16. d4 exd4 17. Nxd4 Nxd4 18. Bxd4 Rb8 19. Bxg7 Kxg7 20. Ne3 Re8 21. Ng4 Nf6 22. Qd4 h5 23. Nxf6 Qxf6 24. Rad1 Qxd4 25. Rxd4 d5 26. e5 c5 27. Rd2 d4 28. f4 Bxg2 29. Kxg2 f6 30. Rde2 f5 31. e6 Re7 32. Kf3 Kf6 33. g4 hxg4+ 34. hxg4 fxg4+ 35. Kxg4 Rbe8 36. Rh1 Rxe6 37. Rxe6+ Rxe6 38. Rh8 Ke7 39. Rb8 Kd7 40. Kf3 Kc7 41. Rg8 Re3+ 42. Kf2 Rc3 43. Rg7+ Kc8 44. Rxg6 Rxc2+ 45. Kf3 Rc3+ 46. Kf2 Rxb3 47. Re6 Kd7 48. Re1 c4 49. Re4 Rd3 50. f5 c3 51. Re1 c2 52. Rc1 Rc3 53. Ke2 Ke7 54. Kd2 Kf6 55. Rxc2 Rxc2+ 56. Kxc2 Kxf5 57. Kd3 Ke5 0-1

[Event "Late-Titled-Tuesday-Blitz-January-30-2024"]
[Site "Chess.com"]
[Date "2024.01.30"]
[Round "10"]
[White "sotochess"]
[Black "wild3000"]
[Result "1-0"]
[WhiteElo "2533"]
[BlackElo "2321"]
[TimeControl "180+1"]
[EndTime "15:54:32 PST"]
[Termination "sotochess won by resignation"]

1. e4 a6 2. d4 e6 3. Nf3 Be7 4. Bd3 b5 5. O-O Bb7 6. Re1 d6 7. a4 b4 8. c4 Nf6 9. Nbd2 a5 10. b3 Nbd7 11. Bb2 c5 12. e5 dxe5 13. dxe5 Ng4 14. Qc2 Qc7 15. Be4 Rb8 16. h3 Nh6 17. Rad1 Bxe4 18.
Nxe4 Nf5 19. g4 Nh4 20. Nxh4 Bxh4 21. Nd6+ Kf8 22. Qe4 Be7 23. Rd3 h5 24. Red1 Nb6 25. Rf3 Bxd6 26. exd6 Qb7 27. Qf4 hxg4 28. Qxg4 Rg8 29.
Re1 Re8 30. Re5 f5 31. Rexf5+ exf5 32. Qxf5+ 1-0

[Event "Late-Titled-Tuesday-Blitz-January-30-2024"]
[Site "Chess.com"]
[Date "2024.01.30"]
[Round "10"]
[White "GaiozNigalidze"]
[Black "Brahianzevich"]
[Result "1-0"]
[WhiteElo "2694"]
[BlackElo "2428"]
[TimeControl "180+1"]
[EndTime "15:54:33 PST"]
[Termination "GaiozNigalidze won on time"]

1. e4 c5 2. Nf3 d6 3. d4 cxd4 4. Nxd4 Nf6 5. Nc3 a6 6. Bg5 e6 7. f4 h6 8. Bh4 Qb6 9. a3 Be7 10. Bf2 Qc7 11. g4 Nbd7 12. h4 b5 13. g5 hxg5 14.
fxg5 Nh5 15. g6 Ne5 16. gxf7+ Kxf7 17. Qe2 Bd7 18. O-O-O Rab8 19. Be3 b4 20. axb4 Rxb4 21. Bh3 Nf6 22. Rdg1 Rhb8 23. Bxe6+ Bxe6 24. Rxg7+ Ke8 25. Nxe6 Qxc3 26. Bd4 Qc4 27. Qxc4 Rxc4 28. c3 Nxe4 29. h5 Kd7 30. Nf4 Rf8 31. Nd5 Rf7 32. Bxe5 1-0

[Event "Late-Titled-Tuesday-Blitz-January-30-2024"]
[Site "Chess.com"]
[Date "2024.01.30"]
[Round "10"]
[White "Boninknights"]
[Black "cristiano78"]
[Result "1-0"]
[WhiteElo "2408"]
[BlackElo "2286"]
[TimeControl "180+1"]
[EndTime "15:54:33 PST"]
[Termination "Boninknights won by resignation"]

1. b3 Nf6 2. Bb2 g6 3. Bxf6 exf6 4. c4 Bg7 5. Nc3 O-O 6. g3 d6 7. Bg2 f5 8. Rc1 Nc6 9. e3 a5 10. Nge2 Nb4 11. d4 c6 12. a3 Na6 13. O-O Nc7 14. b4 axb4 15. axb4 h5 16. b5 Bd7 17.
Qb3 Ne6 18. Ra1 Kh7 19. Rxa8 Qxa8 20. Qb2 Qa7 21. Ra1 Qb6 22. Qb4 c5 23. Nd5 Qd8 24. Qd2 cxd4 25. exd4 Bh6 26. f4 Bg7 27. Ra7 Bc8 28.
Ra8 h4 29. b6 hxg3 30. hxg3 Bh6 31. Qd1 g5 32. fxg5 Qxg5 33. Kf2 Rg8 34. Qh1 Ng7 35. Qh4 Be6 36. Nf6+ Qxf6 37. Qxf6 Rxa8 38. Bxb7 Ra2 39. Bd5 Bxd5 40. cxd5 Ra3 41. Qxd6 Re3 42. b7 Re8 43. b8=Q Rxb8 44. Qxb8 1-0

[Event "Late-Titled-Tuesday-Blitz-January-30-2024"]
[Site "Chess.com"]
[Date "2024.01.30"]
[Round "10"]
[White "Eduard_Limonov"]
[Black "topalovkramnik"]
[Result "1-0"]
[WhiteElo "2877"]
[BlackElo "2504"]
[TimeControl "180+1"]
[EndTime "15:54:36 PST"]
[Termination "Eduard_Limonov won by checkmate"]

1. e4 c5 2. Nf3 d6 3. Bb5+ Nd7 4.
O-O g6 5. c3 Bg7 6. d4 a6 7.
Ba4 b5 8. Bc2 Bb7 9. Re1 e6 10.
Bf4 Qb6 11. a4 Ne7 12. a5 Qc6 13. d5 exd5 14. exd5 Qc7 15. Nbd2 Nf6 16. c4 O-O 17. b3 Rae8 18. Ra2 Nexd5 19. cxd5 Nxd5 20. Be3 Nc3 21. Qa1 Ne2+ 22. Rxe2 Bxa1 23. Rxa1 d5 24. Rae1 d4 25. Bf4 Qc8 26. Be4 Bxe4 27. Nxe4 Re6 28. Nfg5 Rc6 29.
Bd6 Rd8 30. Nf6+ Kg7 31. Ne8+ Rxe8 32. Rxe8 Qf5 33. Bf8+ Kf6 34. Nxh7# 1-0

[Event "Late-Titled-Tuesday-Blitz-January-30-2024"]
[Site "Chess.com"]
[Date "2024.01.30"]
[Round "10"]
[White "Inepton_Fermion"]
[Black "annacramling"]
[Result "1-0"]
[WhiteElo "2385"]
[BlackElo "2121"]
[TimeControl "180+1"]
[EndTime "15:54:38 PST"]
[Termination "Inepton_Fermion won by checkmate"]

1. Nf3 d5 2. b3 c5 3. Bb2 Nc6 4. e3 Nf6 5. Bb5 e6 6. Bxc6+ bxc6 7. d3 Bd6 8. e4 dxe4 9. dxe4 Nxe4 10. Qe2 Qa5+ 11.
Nbd2 Nc3 12. Qd3 Nd5 13. O-O Ba6 14. Nc4 Bxc4 15. bxc4 O-O 16. Ng5 g6 17. Qh3 h5 18.
cxd5 cxd5 19. Nxe6 Rfb8 20. Bf6 Rb6 21. Bd8 Rab8 22.
Bxb6 Qxb6 23. Ng5 Bf4 24. Nf3 Qf6 25. Qd7 d4 26. Qxa7 Re8 27. Rfe1 Rd8 28. Qxc5 d3 29. cxd3 Rxd3 30. Re8+ Kh7 31. Rae1 Rxf3 32. gxf3 Qh4 33.
Qf8 Qxh2+ 34. Kf1 Qh3+ 35. Ke2 Bh6 36. Qh8# 1-0

[Event "Late-Titled-Tuesday-Blitz-January-30-2024"]
[Site "Chess.com"]
[Date "2024.01.30"]
[Round "10"]
[White "MikaelyanArman"]
[Black "Alex_Banzea"]
[Result "1-0"]
[WhiteElo "2853"]
[BlackElo "2638"]
[TimeControl "180+1"]
[EndTime "15:54:39 PST"]
[Termination "MikaelyanArman won on time"]

1. d4 Nf6 2. c4 g6 3. Nc3 Bg7 4. e4 d6 5. f4 O-O 6. Nf3 c5 7. d5 e6 8. Be2 exd5 9. cxd5 Bg4 10. O-O Nbd7 11. Qc2 Re8 12. h3 Bxf3 13. Bxf3 c4 14.
Be3 b5 15. Nxb5 Nxd5 16. exd5 Rxe3 17. Nxd6 Rxf3 18. Rxf3 Qb6+ 19. Kh1 Qxd6 20. Qxc4 Nb6 21.
Qc6 Qxd5 22. Qxd5 Nxd5 23. Rd1 Nc7 24. b4 Ne6 25. f5 Nd4 26. Rfd3 Rd8 27. fxg6 hxg6 28.
a4 f5 29. b5 Rd5 30. Rc3 Be5 31. Rc8+ Kf7 32. Ra8 Rd7 33. a5 Rb7 34. b6 axb6 35. a6 Re7 36. a7 Rxa7 37. Rxa7+ Kf6 38. Ra6 Ne2 39. Rxb6+ Kg5 40. Re6 Ng3+ 41. Kg1 Bf4 42. Rd5 Kh4 43. Rd4 Kg5 44. h4+ 1-0

[Event "Late-Titled-Tuesday-Blitz-January-30-2024"]
[Site "Chess.com"]
[Date "2024.01.30"]
[Round "10"]
[White "Msb2"]
[Black "Witik"]
[Result "1-0"]
[WhiteElo "2986"]
[BlackElo "2678"]
[TimeControl "180+1"]
[EndTime "15:54:41 PST"]
[Termination "Msb2 won on time"]

1. d4 Nf6 2. c4 g6 3. Nc3 Bg7 4. e4 d6 5. Nf3 O-O 6. Be2 e5 7.
Be3 Na6 8. O-O Qe7 9. dxe5 dxe5 10. Nd5 Qd8 11. Qc2 Ng4 12. Rad1 Nxe3 13. Nxe3 Qe8 14. c5 Be6 15. a3 Rc8 16. Bxa6 bxa6 17. Nd5 Kh8 18. b4 a5 19. h3 c6 20. Ne3 axb4 21. axb4 Rb8 22. Qc3 f5 23. Rd6 fxe4 24. Ng5 Bg8 25.
Nxe4 Rf4 26. f3 Rf7 27. Ng4 Rfb7 28. Ngf6 Qe7 29. Nxg8 Kxg8 30. Rfd1 Rxb4 31. Rd7 Qe6 32. Rd8+ Bf8 33. R1d6 Qf5 34. Rf6 Rb1+ 35. Kh2 Rxd8 36.
Rxf5 gxf5 37. Nf6+ Kf7 38. Qxe5 Bg7 39. Qxf5 Bxf6 40. Qxh7+ Ke6 41. Qxb1 Rd5 42. Qe4+ Kf7 43. f4 Rxc5 44. Qh7+ Ke6 45. Qxa7 Rc3 46. Qb8 c5 47. Qe8+ Kd6 48. Qf7 Bd4 49. h4 c4 50.
h5 Rc1 51. f5 c3 52. Qe6+ Kc5 53. f6 c2 54. Qf5+ Kb4 55. f7 Be3 56. f8=Q+ 1-0

[Event "Late-Titled-Tuesday-Blitz-January-30-2024"]
[Site "Chess.com"]
[Date "2024.01.30"]
[Round "10"]
[White "Zura_19"]
[Black "Vladimir_2020"]
[Result "0-1"]
[WhiteElo "2575"]
[BlackElo "2778"]
[TimeControl "180+1"]
[EndTime "15:54:44 PST"]
[Termination "Vladimir_2020 won by resignation"]

1. d4 d5 2. Bf4 Nf6 3. e3 e6 4. Nf3 Bd6 5. Nbd2 O-O 6. Bg3 c5 7. c3 Qc7 8. Ne5 Nbd7 9. f4 Ne4 10. Bd3 f5 11. Bh4 c4 12. Bc2 b5 13. a3 Ndf6 14. Qf3 Bb7 15. Qh3 a5 16. Nxe4 dxe4 17. g4 Bxe5 18.
fxe5 Nxg4 19. Bd1 Qf7 20. Bxg4 fxg4 21. Qxg4 Qf3 22. Qxf3 exf3 23. Kf2 h6 24. Be7 Rf7 25. Bc5 g5 26. Rag1 Kh7 27. h4 Kg6 28. hxg5 hxg5 29. Rg3 Rg8 30. Rhg1 Kf5 31. Rg4 Be4 32. R4g3 Rh7 33.
Kf1 g4 34. Ke1 Rh2 35. Rf1 Rxb2 36. Rf2 Rb1+ 37. Kd2 Rh8 38. d5 Rhh1 0-1

[Event "Late-Titled-Tuesday-Blitz-January-30-2024"]
[Site "Chess.com"]
[Date "2024.01.30"]
[Round "10"]
[White "Korchmar_Vasiliy"]
[Black "Herman-NY"]
[Result "0-1"]
[WhiteElo "2699"]
[BlackElo "2501"]
[TimeControl "180+1"]
[EndTime "15:54:44 PST"]
[Termination "Herman-NY won by checkmate"]

1. e4 e5 2. d4 exd4 3. c3 d5 4.
exd5 Qxd5 5. cxd4 Nc6 6. Nf3 Bg4 7. Nc3 Bxf3 8. Nxd5 Bxd1 9. Nxc7+ Kd7 10. Nxa8 Bh5 11.
Bb5 Bb4+ 12. Bd2 Bxd2+ 13. Kxd2 Nf6 14. Nb6+ axb6 15. f3 Kd6 16. g4 Bg6 17. h4 Nxd4 18. Bc4 Nxf3+ 19. Ke2 Nd4+ 20. Kf2 Nxg4+ 21. Kg3 Ne3 22.
h5 Nxc4 23. hxg6 fxg6 24. Rhd1 Kd5 25. Rac1 Nxb2 26. Rd2 Nc4 27. Rd3 Re8 28. Rf1 Re3+ 29. Rxe3 Nxe3 30. Rf7 Nef5+ 31. Kf4 Kc6 32. Ke5 Nb5 33. Rf8 Nbd6 34. Rh8 h5 35. Ke6 h4 36.
a3 Kb5 37. Rd8 g5 38. Ke5 g4 39. Kf4 g3 40. Kf3 h3 41. Rh8 h2 42. Kg2 Ne4 43. Re8 Nf2 44. Re5+ Ka6 45. Rxf5 h1=Q+ 46. Kxg3 Ne4+ 47. Kf4 Nc5 48. Ke5 Qe4+ 49. Kd6 Qxf5 50. Kc7 b5 51. Kb8 b4 52. Ka8 b3 53. a4 b5 54. a5 Kxa5 55. Ka7 Qf7+ 56. Ka8 Qb7# 0-1

[Event "Late-Titled-Tuesday-Blitz-January-30-2024"]
[Site "Chess.com"]
[Date "2024.01.30"]
[Round "10"]
[White "SpeedofLight0"]
[Black "dropstoneDP"]
[Result "1/2-1/2"]
[WhiteElo "3038"]
[BlackElo "3058"]
[TimeControl "180+1"]
[EndTime "15:54:46 PST"]
[Termination "Game drawn by repetition"]

1. d4 d5 2. Nc3 Nf6 3. Bf4 c5 4. e3 cxd4 5. exd4 a6 6. Nf3 Nc6 7. Be2 Bg4 8. O-O e6 9. Ne5 Bxe2 10. Nxe2 Bd6 11. Re1 O-O 12. c3 Bxe5 13. dxe5 Nd7 14. Ng3 Qh4 15. Qd2 f6 16. exf6 Qxf6 17. Be3 Nde5 18. Qe2 Rae8 19. Rad1 h6 20. h3 Qg6 21. Kh2 Kh7 22. b3 Rf7 23. c4 dxc4 24. bxc4 Nd7 25. Rd6 Nf6 26. Bc1 e5 27. c5 Nd4 28. Qc4 Rfe7 29. Bb2 Nf5 30. Nxf5 Qxf5 31. f3 Re6 32. Qb4 e4 33. Rxe6 Rxe6 34. Bxf6 Qf4+ 35. g3 Qxf6 36. Rxe4 Qxf3 37. Rxe6 Qf2+ 38. Kh1 Qf1+ 39. Kh2 Qf2+ 40. Kh1 Qf1+ 41. Kh2 Qf2+ 1/2-1/2

[Event "Late-Titled-Tuesday-Blitz-January-30-2024"]
[Site "Chess.com"]
[Date "2024.01.30"]
[Round "10"]
[White "Cubitas"]
[Black "rdarruda"]
[Result "0-1"]
[WhiteElo "2712"]
[BlackElo "2567"]
[TimeControl "180+1"]
[EndTime "15:54:47 PST"]
[Termination "rdarruda won on time"]

1. e4 c5 2. Nc3 e6 3. g3 Nc6 4. Bg2 Nf6 5. Nge2 Be7 6. O-O O-O 7. d3 d6 8. h3 Rb8 9. f4 Qc7 10. Be3 b5 11. g4 b4 12. Na4 Bb7 13. c4 bxc3 14.
Naxc3 Rfd8 15. Rc1 Qa5 16. Bd2 Qa6 17. Be3 Nb4 18.
g5 Nh5 19. d4 Qd3 20. Qxd3 Nxd3 21. Rc2 Ba6 22. Rb1 cxd4 23. Nxd4 Rdc8 24. f5 Ndf4 25. fxe6 fxe6 26. Rd1 Nxg2 27. Rxg2 e5 28. Nf5 Bf8 29. g6 hxg6 30. Rxg6 Rxb2 31. Nd5 Rcc2 32. Rg5 Nf4 33. Bxf4 exf4 34. Nf6+ Kf7 35. Nh7 f3 36. Rf1 Rg2+ 37.
Rxg2 Rxg2+ 38. Kh1 Bxf1 0-1

[Event "Late-Titled-Tuesday-Blitz-January-30-2024"]
[Site "Chess.com"]
[Date "2024.01.30"]
[Round "10"]
[White "rasmussvane"]
[Black "Adar_07"]
[Result "1/2-1/2"]
[WhiteElo "2960"]
[BlackElo "2720"]
[TimeControl "180+1"]
[EndTime "15:54:49 PST"]
[Termination "Game drawn by agreement"]

1. Nf3 Nf6 2. g3 g6 3. Bg2 Bg7 4. O-O O-O 5. d4 d5 6. c4 dxc4 7. Na3 c5 8. dxc5 Na6 9. c6 Qxd1 10. Rxd1 c3 11. Nd4 cxb2 12. Bxb2 Rb8 13. Rab1 e5 14. Nb3 bxc6 15. Bxe5 Bf5 16. e4 Nxe4 17. Bxb8 Nc3 18. Bd6 Rd8 19. Rbc1 Ne2+ 20. Kh1 Nxc1 21. Nxc1 Bf8 22.
Nc4 Be6 23. Bf1 Bxc4 24. Bxc4 Nc5 25. Kg2 Rxd6 26. Rxd6 Bxd6 27. Kf3 Kg7 28. Nd3 Na4 29. Bb3 Nb6 30. Nb2 Kf6 31. Nc4 Bc7 32. Nxb6 axb6 33. Ba4 b5 34. Bb3 Ke7 35. Ke4 f5+ 36.
Kd3 Bb6 37. f3 Bg1 38. h3 c5 39. Bg8 Kf8 40. Bd5 Ke7 41. Bc6 b4 42. Bd5 Kd6 43. Bg8 Ke7 44. g4 Kf8 45. Be6 f4 46. h4 Kg7 47. h5 Kf6 48. Bd7 Kg5 49. hxg6 Kxg6 50. Bf5+ Kg5 51. Be4 h6 52. Kc4 Kh4 53. Kb3 h5 54. gxh5 Kxh5 55. a3 bxa3 56. Kxa3 Kh4 57.
Kb3 1/2-1/2

[Event "Late-Titled-Tuesday-Blitz-January-30-2024"]
[Site "Chess.com"]
[Date "2024.01.30"]
[Round "10"]
[White "ACollins05"]
[Black "reevecanada"]
[Result "1-0"]
[WhiteElo "2467"]
[BlackElo "2575"]
[TimeControl "180+1"]
[EndTime "15:54:50 PST"]
[Termination "ACollins05 won on time"]

1. d4 Nf6 2. c4 c6 3. Nf3 d5 4.
Nc3 dxc4 5. a4 Bf5 6. Ne5 Nbd7 7. Nxc4 Nb6 8. Ne5 a5 9. g3 e6 10. Bg2 Bb4 11. O-O O-O 12. Re1 Nbd5 13. Bd2 c5 14. Nxd5 exd5 15. dxc5 Bxc5 16. Bg5 Qb6 17. e3 Ne4 18.
Bf4 Qxb2 19. Nd3 Qb6 20. Rb1 Qa7 21. Nxc5 Nxc5 22. Rb5 Be4 23. Bd6 Rfc8 24. f3 Bg6 25. Qxd5 Nd3 26. Rxb7 Qa6 27. Rd1 Rd8 28. e4 Rxd6 29.
Qb5 Qxb5 30. axb5 a4 31. b6 Rdd8 32. Ra7 Nc5 33. Rxd8+ Rxd8 34. b7 a3 35. f4 a2 36.
e5 Bb1 37. Ra5 Nd7 38. Ra8 Rb8 39. Bc6 a1=Q 40. Rxa1 Bf5 41. Ra8 1-0

[Event "Late-Titled-Tuesday-Blitz-January-30-2024"]
[Site "Chess.com"]
[Date "2024.01.30"]
[Round "10"]
[White "GAO"]
[Black "ChEsper99"]
[Result "1-0"]
[WhiteElo "2390"]
[BlackElo "2172"]
[TimeControl "180+1"]
[EndTime "15:54:51 PST"]
[Termination "GAO won by checkmate"]

1. Nf3 c5 2. b3 Nf6 3. Bb2 Nc6 4.
g3 g6 5. Bg2 Bg7 6. O-O O-O 7.
d3 d5 8. Nbd2 Re8 9. Ne5 Nxe5 10. Bxe5 Ng4 11. Bxg7 Kxg7 12. e4 d4 13. a4 b6 14. Nc4 e5 15. Bh3 h5 16. Qe2 Be6 17.
Na3 Qc7 18. Nb5 Qd7 19. Na3 a6 20. Nc4 Qc7 21. f3 Nh6 22. Bxe6 Rxe6 23. h3 f5 24.
Kg2 Rf8 25. f4 exf4 26. Rxf4 fxe4 27. Rxe4 Qc6 28. Re1 Rfe8 29. Qf3 Rf6 30. Qe2 Ref8 31. Ne5 Nf5 32. Nxc6 Rxc6 33. Rf4 Ne3+ 34. Kh2 Re8 35. Re4 Rf8 36. Rxe3 dxe3 37. Qxe3 Rcf6 38. Re2 Rf1 39.
Qe5+ Kh6 40. h4 Rd1 41. a5 Rff1 42. Qh8# 1-0

[Event "Late-Titled-Tuesday-Blitz-January-30-2024"]
[Site "Chess.com"]
[Date "2024.01.30"]
[Round "10"]
[White "neri_gaite"]
[Black "BeardedNM"]
[Result "0-1"]
[WhiteElo "2014"]
[BlackElo "2179"]
[TimeControl "180+1"]
[EndTime "15:54:52 PST"]
[Termination "BeardedNM won on time"]

1. d4 e6 2. c4 Nf6 3. Nf3 d5 4. Bg5 dxc4 5. e4 b5 6. a4 c6 7. e5 h6 8. Bh4 g5 9. Nxg5 hxg5 10.
Bxg5 Nbd7 11. axb5 cxb5 12. Qf3 Rb8 13. exf6 Bb7 14.
Qd1 a6 15. b3 Bb4+ 16. Bd2 Bxd2+ 17. Qxd2 cxb3 18. Qb4 Nxf6 19. Nc3 Nd5 20. Qxb3 Qc7 21. Bxb5+ axb5 22. Nxb5 Qf4 23. g3 Qe4+ 24. Kd2 O-O 25. Rhe1 Qg2 26. Re5 Qxf2+ 27. Kd3 Ba6 28. Rg5+ Kh7 29.
Rxa6 Qf1+ 30. Ke4 Qxb5 31. Qxb5 Rxb5 32. Ra5 Rxa5 33. h4 Nc3+ 34. Kd3 Rxg5 35. Kxc3 Rxg3+ 0-1

[Event "Late-Titled-Tuesday-Blitz-January-30-2024"]
[Site "Chess.com"]
[Date "2024.01.30"]
[Round "10"]
[White "LastHeroJr"]
[Black "C_K_G"]
[Result "1-0"]
[WhiteElo "2482"]
[BlackElo "2193"]
[TimeControl "180+1"]
[EndTime "15:54:53 PST"]
[Termination "LastHeroJr won on time"]

1. e4 c5 2. Nf3 d6 3. d4 cxd4 4. Nxd4 Nf6 5. Nc3 a6 6. Bg5 e5 7.
Nf5 Bxf5 8. exf5 Nbd7 9. g3 Qc7 10. Bg2 Be7 11. O-O O-O 12. Qd2 Rfe8 13. Rad1 Rac8 14. Rfe1 b5 15. a3 Nb6 16. Bxf6 gxf6 17. Qh6 Kh8 18.
Ne4 Qd8 19. c3 Rg8 20. Re2 d5 21. Nd2 Rg5 22. Nf3 Bf8 23. Nxg5 fxg5 24. Qh5 f6 25. Qf7 Rc7 26. Qe6 Rd7 27. Qc6 Kg7 28. b3 d4 29. cxd4 exd4 30. Red2 d3 31. Qe4 Rd4 32. Qe3 Bc5 33. Qe6 Rd6 34. Qe4 Nd7 35. Rxd3 Ne5 36.
Rxd6 Bxd6 37. Qb7+ Kh6 38. Qd5 1-0